 Dungeon Crawl Stone Soup version 0.25-a0-834-g55863b0b92 (webtiles) character file.

Game seed: 1239711604205473182, levelgen mode: deterministic

3927 KiliKikkendorf the Carver (level 10, -2/84 HPs)
             Began as a Minotaur Monk on Apr 22, 2020.
             Was a Priest of Uskayaw.
             Killed from afar by an electric eel (5 damage)
             ... with a bolt of electricity
             ... on level 8 of the Dungeon.
             The game lasted 00:35:38 (6518 turns).

KiliKikkendorf the Carver (Minotaur Monk)           Turns: 6518, Time: 00:35:40

Health: -2/84      AC:  9    Str: 20    XL:     10   Next: 1%
Magic:  9/9        EV: 15    Int:  7    God:    Uskayaw [***...]
Gold:   441        SH:  5    Dex: 14    Spells: 9/9 levels left

rFire    . . .     SeeInvis .   l - +3 long sword (holy)
rCold    . . .     Gourm    .   f - +0 buckler
rNeg     . . .     Faith    .   e - +3 leather armour {rPois}
rPois    +         Spirit   .   n - +2 hat
rElec    .         Reflect  .   o - +0 cloak
rCorr    .         Harm     .   (no gloves)
MR       .....                  (no boots)
Stlth    +.........             (no amulet)
HPRegen  0.24/turn              (no ring)
MPRegen  0.11/turn              (no ring)

@: very slightly contaminated, very slow
A: retaliatory headbutt, horns 2, strong 1, MP-powered wands
a: Stomp, Line Pass, Renounce Religion


You were on level 8 of the Dungeon.
You worshipped Uskayaw.
Uskayaw was noncommittal.
You were hungry.

You visited 1 branch of the dungeon, and saw 8 of its levels.

You collected 441 gold pieces.

Inventory:

Hand Weapons
 a - a +0 mace
 l - a +3 long sword of holy wrath (weapon)
Missiles
 p - 3 javelins (quivered)
Armour
 e - a +3 leather armour of poison resistance (worn)
 f - a +0 buckler (worn)
 n - a +2 hat (worn)
 o - a +0 cloak (worn)
Wands
 r - a wand of flame (41)
 s - a wand of digging (6)
 t - a wand of scattershot (3)
Scrolls
 b - 2 scrolls of fear
 d - 5 scrolls of identify
 i - 3 scrolls of magic mapping
 j - 2 scrolls of remove curse
 k - a scroll of amnesia
 q - 4 scrolls of teleportation
Potions
 g - a potion of haste
 h - a potion of brilliance
 u - a potion of cancellation {unknown}
 w - 2 potions of heal wounds {unknown}
Comestibles
 c - 7 rations


   Skills:
 + Level 6.5 Fighting
 * Level 11.7 Long Blades
 - Level 4.3 Maces & Flails
 + Level 4.7 Armour
 + Level 6.4 Dodging
 - Level 1.5 Stealth
 + Level 3.5 Shields
 * Level 5.6 Unarmed Combat


You had 9 spell levels left.
You didn't know any spells.
Your spell library contained the following spells:

 Spells                   Type           Power        Failure   Level  Hunger
 Animate Skeleton         Necr           N/A          50%         1    ##.....
 Pain                     Necr           #...         50%         1    ##.....
 Summon Small Mammal      Summ           #...         50%         1    ##.....
 Call Imp                 Summ           #.......     65%         2    ###....
 Call Canine Familiar     Summ           #.......     86%         3    ####...
 Summon Guardian Golem    Hex/Summ       #.......     86%         3    ####...
 Vampiric Draining        Necr           #.........   86%         3    ####...
 Animate Dead             Necr           N/A          99%         4    #####..
 Summon Ice Beast         Ice/Summ       #.......     99%         4    #####..
 Summon Lightning Spire   Summ/Air       #.......     99%         4    #####..
 Agony                    Necr           #.......     100%        5    ######.


Dungeon Overview and Level Annotations

Branches:
Dungeon (8/15)             Temple (0/1) D:5
   Lair: D:8-11

Altars:
Kikubaaqudgha
Okawaru
Qazlal
Ru
Uskayaw
Vehumet
Xom


Innate Abilities, Weirdness & Mutations

You reflexively headbutt those who attack you in melee.
You have a pair of horns on your head.
Your muscles are strong. (Str +2)
You expend magic power (3 MP) to strengthen your wands.


Message History

Blink to where?
Press: ? - help, Dir - move target cursor You are very lightly contaminated with residual magic.
As you read the scroll of blinking, it crumbles to dust.
Unknown command.
A yak comes into view.
The yak bellows!
A phantom comes into view.
You can no longer merge with and destroy a victim.
As you read the scroll of teleportation, it crumbles to dust.
You feel strangely unstable.
A quokka comes into view.
Your surroundings suddenly seem different.
Splash!
You fall into the shallow water.
Moving in this stuff is going to be slow.
You hear an angry buzzing noise.
The electric eel shoots out a bolt of lightning at you!
The bolt of electricity hits you.
You die...

#. ####..#######?.......#
#..#....J........o......#
##.....;≈≈≈.≈≈....
......≈≈.≈≈≈≈≈≈≈..
...≈≈≈≈≈......≈.≈≈
..≈≈≈....∩..∩....≈
..≈≈...5........≈≈
..≈≈≈≈≈;...≈≈≈.≈≈.
....≈≈≈.≈≈@≈≈.Z...
..................
##########........
#########


You could see a jelly, 2 electric eels, an orc wizard, a white imp and a
bullfrog zombie.

Vanquished Creatures
  A two-headed ogre (D:8)
  Joseph (D:7)
  2 yaks (D:8)
  6 ice beasts
  3 sky beasts
  An orc warrior (D:6)
  A phantom (D:6)
  An ogre (D:6)
  2 centaurs (D:7)
  4 bullfrogs
  3 scorpions
  A crimson imp (D:5)
  4 orc priests
  A gnoll shaman (D:5)
  5 hounds
  3 orc wizards (D:7)
  A centaur skeleton (D:7)
  3 iguanas
  Terence (D:2)
  6 worker ants
  Ijyb (D:2)
  Natasha (twice) (D:3 D:2)
  Robin (D:3)
  A howler monkey skeleton (D:4)
  3 gnolls (D:6)
  9 adders
  2 shadow imps
  A white imp (D:8)
  An ufetubus (D:8)
  An ooze (D:2)
  An adder zombie (D:6)
  An adder skeleton (D:5)
  3 worms
  A dart slug (D:1)
  5 leopard geckos
  23 orcs
  A ball python (D:7)
  7 bats
  3 giant cockroaches
  13 goblins
  7 hobgoblins
  13 jackals
  2 quokkas
  2 frilled lizards (D:1)
  4 kobolds
  A leopard gecko skeleton (D:4)
  A leopard gecko zombie (D:6)
  8 rats
168 creatures vanquished.

Vanquished Creatures (others)
  An orc (D:7)
1 creature vanquished.

Grand Total: 169 creatures vanquished

Notes
Turn   | Place    | Note
-------+----------+-------------------------------------------
     0 | D:1      | KiliKikkendorf the Minotaur Monk began the quest for the
                  | Orb.
     0 | D:1      | Reached XP level 1. HP: 19/19 MP: 0/0
   114 | D:1      | Reached XP level 2. HP: 25/27 MP: 1/1
   886 | D:2      | Found a faded altar of an unknown god.
   900 | D:2      | Became a worshipper of Uskayaw the Reveler
   900 | D:2      | Reached * piety under Uskayaw
   900 | D:2      | Reached ** piety under Uskayaw
   955 | D:2      | Reached skill level 1 in Unarmed Combat
   982 | D:2      | Reached XP level 3. HP: 28/33 MP: 2/2
  1198 | D:2      | Found a radiant altar of Vehumet.
  1235 | D:2      | Noticed a fire elemental
  1237 | D:2      | Found a stormy altar of Qazlal.
  1238 | D:2      | Noticed an air elemental
  1238 | D:2      | Noticed an earth elemental
  1238 | D:2      | Noticed a water elemental
  1387 | D:3      | Noticed Ijyb
  1401 | D:2      | Reached XP level 4. HP: 35/41 MP: 3/3
  1403 | D:2      | Reached *** piety under Uskayaw
  1406 | D:2      | Killed Ijyb
  1406 | D:2      | Reached skill level 1 in Long Blades
  1468 | D:3      | Noticed Robin
  1532 | D:3      | Reached **** piety under Uskayaw
  1533 | D:3      | Reached skill level 2 in Long Blades
  1534 | D:3      | Killed Robin
  1534 | D:3      | Reached ***** piety under Uskayaw
  1556 | D:3      | Reached XP level 5. HP: 42/47 MP: 4/4
  1563 | D:3      | Reached skill level 1 in Armour
  1567 | D:3      | Reached skill level 3 in Long Blades
  1680 | D:3      | Noticed Terence
  1684 | D:3      | Noticed Natasha
  2073 | D:2      | Killed Terence
  2092 | D:3      | Killed Natasha
  2092 | D:3      | Reached skill level 4 in Long Blades
  2092 | D:3      | Reached XP level 6. HP: 45/53 MP: 5/5
  2264 | D:3      | Noticed Natasha
  2441 | D:2      | Killed Natasha
  2959 | D:4      | Reached skill level 5 in Long Blades
  3440 | D:4      | Reached XP level 7. HP: 60/60 MP: 6/6
  3541 | D:5      | Entered Level 5 of the Dungeon
  3570 | D:5      | Reached skill level 6 in Long Blades
  3570 | D:5      | Reached skill level 1 in Shields
  3698 | D:5      | Found a shimmering altar of Xom.
  3739 | D:5      | Found an ancient bone altar of Kikubaaqudgha.
  3877 | D:5      | Found a staircase to the Ecumenical Temple.
  3996 | D:5      | Gained mutation: You expend magic power (3 MP) to
                  | strengthen your wands. [potion of mutation]
  3996 | D:5      | Gained mutation: Your muscles are strong. (Str +2) [potion
                  | of mutation]
  4475 | D:6      | Reached skill level 5 in Fighting
  4475 | D:6      | Reached skill level 7 in Long Blades
  4503 | D:5      | Reached XP level 8. HP: 54/68 MP: 7/7
  4688 | D:6      | Reached skill level 8 in Long Blades
  4703 | D:6      | Found an iron altar of Okawaru.
  5355 | D:7      | Reached skill level 5 in Dodging
  5374 | D:7      | Reached skill level 9 in Long Blades
  5421 | D:7      | Found a sacrificial altar of Ru.
  5516 | D:7      | Reached XP level 9. HP: 67/74 MP: 8/8
  5650 | D:7      | Noticed Joseph
  5667 | D:7      | Killed Joseph
  5667 | D:7      | Reached skill level 10 in Long Blades
  6076 | D:7      | Reached skill level 5 in Unarmed Combat
  6230 | D:8      | Reached skill level 11 in Long Blades
  6477 | D:8      | Noticed a two-headed ogre
  6496 | D:8      | Killed a two-headed ogre
  6503 | D:8      | Reached XP level 10. HP: 19/84 MP: 9/9
  6506 | D:8      | HP: 1/84 [electric eel/bolt of electricity (11)]
  6518 | D:8      | Killed from afar by an electric eel

Levels and vault maps discovered:
D:1:      dpeg_arrival_round_a, layout_basic
D:2:      layout_rooms, nicolae_qazlal_style_of_elements, fiery_altar_vehumet,
          chequers_ecumenical_altar_island
D:3:      layout_rooms, first_ration, uniq_robin, uniq_ijyb, uniq_terence,
          uniq_natasha
D:4:      layout_gridville
D:5:      minmay_spotlight, layout_basic, lemuel_coloured_pillars_altar,
          nicolae_overflow_hidden_temple, minmay_temple_entry_fiery,
          kennysheep_decorative_pillar
D:6:      layout_rooms, kennysheep_mini, minivault_25, patterned_corridor
D:7:      layout_loops_ring, hangedman_ru_absence, uniq_joseph
D:8:      layout_basic, serial_ice, serial_ice_a, serial_ice_h, serial_ice_e,
          serial_ice_m, serial_ice_i

Skill      XL: |  1  2  3  4  5  6  7  8  9 |
---------------+----------------------------+-----
Maces & Flails | 4 |  4.3
Fighting       | 4 5 6 |  6.5
Unarmed Combat | 1 2 3 4 5 |  5.6
Long Blades    | 2 4 5 7 9 11 | 11.7
Dodging        | 4 5 6 |  6.4
Armour         | 2 3 4 |  4.7
Shields        | 1 2 3 |  3.5
Stealth        | |  1.5

Action                   |  1- 3 |  4- 6 |  7- 9 | 10-12 || total
-------------------------+-------+-------+-------+-------++-------
Melee: Mace              |    43 |       |       |       ||    43
       Headbutt          |     8 |    28 |    71 |       ||   107
       Long sword        |    15 |   125 |   246 |     3 ||   389
Invok: Stomp             |       |     1 |       |       ||     1
  Use: Scroll            |     5 |     3 |     9 |     2 ||    19
       Potion            |     2 |     2 |     5 |       ||     9
 Stab: Sleeping          |     3 |       |       |       ||     3
       Paralysed         |       |     4 |     7 |       ||    11
       Distracted        |       |       |     1 |       ||     1
  Eat: Chunk             |       |     8 |     3 |       ||    11
       Ration            |       |       |     2 |       ||     2
Armor: Robe              |     8 |       |       |       ||     8
       Ring mail         |    13 |    46 |    27 |       ||    86
       Leather armour    |       |       |    48 |       ||    48
Dodge: Dodged            |    49 |    86 |   113 |     1 ||   249
Block: Buckler           |     7 |    15 |    38 |       ||    60
       Rpst.: Long sword |     3 |    25 |    32 |       ||    60

Table legend:
 A = Non-vault XP
 B = Vault XP
 C = Vault XP percentage of total XP
 D = Non-vault monster count
 E = Vault monster count
 F = Vault count percentage of total count
                 A         B        C        D         E       F
            +---------+---------+-------+---------+---------+-------
      Total |    4230 |    1381 |  24.6 |     146 |      23 |  13.6
            +---------+---------+-------+---------+---------+-------
        D:1 |      33 |       0 |   0.0 |      19 |       0 |   0.0
        D:2 |     103 |      73 |  41.5 |      15 |       3 |  16.7
        D:3 |     148 |      69 |  31.8 |      23 |      11 |  32.4
        D:4 |     307 |       0 |   0.0 |      19 |       0 |   0.0
        D:5 |     341 |     129 |  27.4 |       8 |       2 |  20.0
        D:6 |     876 |       0 |   0.0 |      24 |       0 |   0.0
        D:7 |    1298 |     430 |  24.9 |      30 |       1 |   3.2
        D:8 |    1124 |     680 |  37.7 |       8 |       6 |  42.9
            +---------+---------+-------+---------+---------+-------
